 Dungeon Crawl Stone Soup version 0.29-a0-857-g9b1aa3ac5b (webtiles) character file.

Game seed: 17815722513315646383

77 jimonade the Shooter (level 4, -3/35 HPs)
             Began as a Formicid Hunter on July 17, 2022.
             Killed from afar by Ijyb (9 damage)
             ... with a puff of flame
             ... on level 3 of the Dungeon.
             The game lasted 00:03:01 (1592 turns).

jimonade the Shooter (Formicid Hunter)              Turns: 1592, Time: 00:03:01

Health: -3/35      AC:  6    Str: 16    XL:     4   Next: 58%
Magic:  5/5        EV: 11    Int: 10    God:
Gold:   79         SH:  0    Dex: 17    Spells: 4/4 levels left

rFire   . . .      SeeInvis +   a - +0 shortbow
rCold   . . .      Faith    .   (no shield)
rNeg    . . .      Spirit   .   j - +0 ring mail
rPois   .          Reflect  .   (helmet unavailable)
rElec   .          Harm     .   (no cloak)
rCorr   .          Rampage  .   r - +0 pair of gloves
Will    .....                   (no boots)
Stlth   +.........              o - amulet of the acrobat
HPRegen 0.11/turn               (no ring)
MPRegen 0.09/turn               (no ring)

@: no status effects
A: permanent stasis, dig shafts and tunnels, antennae 3, four strong arms
a: Dig, Shaft Self


You were on level 3 of the Dungeon.
You visited 1 branch of the dungeon, and saw 3 of its levels.

You collected 79 gold pieces.

Inventory:

Hand Weapons
 a - a +0 shortbow (weapon)
Missiles
 p - 6 boomerangs
Armour
 c - a +0 leather armour
 h - a +0 chain mail
 j - a +0 ring mail (worn)
 r - a +0 pair of gloves (worn)
 s - a +3 chain mail of cold resistance
Jewellery
 o - an amulet of the acrobat (around neck)
Scrolls
 b - 6 scrolls of immolation
 e - 3 scrolls of acquirement {unknown}
 f - a scroll of fog {unknown}
 g - a scroll of brand weapon {unknown}
 k - a scroll of summoning {unknown}
 l - a scroll of magic mapping {unknown}
 m - a scroll of blinking {unknown}
 q - a scroll of amnesia {unknown}
Potions
 d - a potion of lignification {unknown}
 i - 2 potions of curing {unknown}
 n - a potion of degeneration {unknown}


   Skills:
 * Level 3.0 Fighting
 + Level 5.0 Ranged Weapons
 + Level 0.4 Armour
 + Level 2.0 Dodging
 - Level 1.2 Stealth
 * Level 0.9 Spellcasting


You had 4 spell levels left.
You didn't know any spells.
Your spell library contained the following spells:

 Spells                   Type           Power      Damage    Failure   Level
 Sandblast                Erth           0%         2d4       56%         1
 Passwall                 Tmut/Erth      0%         N/A       71%         2
 Dazzling Flash           Conj/Hex       0%         N/A       90%         3
 Stone Arrow              Conj/Erth      0%         3d7       90%         3
 Agony                    Necr           0%         N/A       100%        5
 Silence                  Hex/Air        0%         N/A       100%        5


Dungeon Overview and Level Annotations

Branches:
Dungeon (3/15)

Altars:

Annotations:
D:3 Ijyb


Innate Abilities, Weirdness & Mutations

You cannot be hasted, slowed, berserked, paralysed or teleported.
You can dig through walls and to a lower floor.
You have a pair of large antennae on your head. (SInv)
Your four strong arms can wield two-handed weapons with a shield.


Message History

You shoot an arrow. The arrow hits Ijyb but does no damage.
Ijyb is moderately wounded.
Ijyb hits you but does no damage.
You shoot an arrow. The arrow hits Ijyb but does no damage.
Ijyb is moderately wounded.
Ijyb hits you with a +0 club.
You shoot an arrow. The arrow closely misses Ijyb.
Ijyb hits you but does no damage. x2
You shoot an arrow. The arrow hits Ijyb.
Ijyb is heavily wounded.
Ijyb screams, "It's all mine!"
Ijyb closely misses you.
You shoot an arrow. The arrow hits Ijyb but does no damage.
Ijyb is heavily wounded.
Ijyb misses you.
You shoot an arrow. The arrow barely misses Ijyb.
Ijyb zaps a wand.
The puff of flame hits you!
Ijyb zaps a wand.
The puff of flame hits you!
* * * LOW HITPOINT WARNING * * *
You are too injured to fight recklessly!
You are too injured to fight recklessly!
You are too injured to fight recklessly!
You are too injured to fight recklessly!
Unknown command.
Non-targeted abil: Dig
Press: ? - help, Q - select action, (/) - cycle Dir - look around, f - activate You extend your mandibles.
Unknown command.
Fire: a) +0 shortbow
Press: ? - help, Q - select action, (/) - cycle Shift-Dir - straight line, f - Ijyb
Aim: Ijyb, wielding a +0 club, wearing a +2 leather armour of fire resistance and carrying a wand of flame (14) (heavily wounded, 56% to hit)
You shoot an arrow. The arrow hits Ijyb.
Ijyb is heavily wounded.
Ijyb barely misses you.
Fire: a) +0 shortbow
Press: ? - help, Q - select action, (/) - cycle Shift-Dir - straight line, f/p - Ijyb
Aim: Ijyb, wielding a +0 club, wearing a +2 leather armour of fire resistance and carrying a wand of flame (14) (heavily wounded, 56% to hit)
You shoot an arrow. The arrow hits Ijyb.
Ijyb is severely wounded.
Ijyb hits you but does no damage.
Ijyb zaps a wand.
The puff of flame hits you!
You die...

.. ... ######...
######........
##.............
########.........(>#
.......@#.#...<....#
.......g#...##..#..#
.....(..##..#......#
........##..#......#
........###.#.........
........# #.#.#.#.....
......### #.#.#.#.....
...... #.#.#..)....
#...#.##....


You could see Ijyb.

Vanquished Creatures
  Terence (D:2)
  An adder (D:2)
  A worm (D:2)
  5 endoplasms (D:1)
  3 giant cockroaches
  4 goblins
  4 hobgoblins
  3 jackals (D:1)
  2 kobolds
  2 quokkas (D:1)
  4 ball pythons (D:1)
  3 bats (D:1)
  A frilled lizard (D:1)
  4 rats (D:1)
38 creatures vanquished.

Notes
Turn   | Place    | Note
-------+----------+-------------------------------------------
     0 | D:1      | jimonade the Formicid Hunter began the quest for the Orb.
     0 | D:1      | Reached XP level 1. HP: 16/16 MP: 1/1
   110 | D:1      | Reached XP level 2. HP: 23/23 MP: 2/2
   406 | D:1      | Reached XP level 3. HP: 28/28 MP: 3/3
   966 | D:2      | Reached XP level 4. HP: 34/34 MP: 3/5
  1018 | D:2      | Noticed Terence
  1038 | D:2      | Killed Terence
  1039 | D:2      | Reached skill level 5 in Ranged Weapons
  1575 | D:3      | Noticed Ijyb
  1592 | D:3      | Killed from afar by Ijyb

Illustrated notes

Levels and vault maps discovered:
D:1:      minmay_arrival_five_plusses, layout_loops_corners
D:2:      layout_rooms, minmay_tree_intersection, uniq_terence
D:3:      minmay_skewed_foursquare, layout_basic, kennysheep_cross_room,
          chequers_serial_rivers_small_b, kennysheep_decorative_pillar,
          chequers_serial_rivers_marsh, chequers_mini_garden,
          minmay_ogre_servants, uniq_grinder, uniq_ijyb

Skill      XL: |  1  2  3  4 |
---------------+-------------+-----
Dodging        | 2 |  2.0
Fighting       | 3 |  3.0
Ranged Weapons | 5 |  5.0
Armour         | |  0.4
Stealth        | |  1.2
Spellcasting   | |  0.9

Action                   |  1- 3 |  4- 6 || total
-------------------------+-------+-------++-------
 Fire: Shortbow          |    82 |    74 ||   156
 Abil: Dig               |       |     1 ||     1
Armor: Leather armour    |    11 |     1 ||    12
       Ring mail         |       |     8 ||     8
Dodge: Dodged            |    29 |    10 ||    39

Table legend: (Time is in decaauts)
 A = Elapsed time spent in this place.
 B = Non-inter-level travel time spent in this place.
 C = Inter-level travel time spent in this place.
 D = Time resting spent in this place.
 E = Time spent auto-exploring this place.
 F = Levels seen in this place.
 G = Mean time per level.
                   A        B        C        D        E       F      G
               +--------+--------+--------+--------+--------+-----+--------+
         Total |   1645 |   1570 |     75 |      0 |   1204 |   3 |  548.3 |
       Dungeon |   1645 |   1570 |     75 |      0 |   1204 |   3 |  548.3 |
               +--------+--------+--------+--------+--------+-----+--------+

Top non-repeatable levels by time:
     D:1: 883 daAuts
     D:2: 717 daAuts
     D:3: 44 daAuts
